 Dungeon Crawl Stone Soup version 0.18-a0-1683-gf9322e6 (webtiles) character file.

31 ImaginaryIma the Grave Robber (level 3, -1/24 HPs)
             Began as a Demonspawn Necromancer on Apr 3, 2016.
             Slain by a rat (3 damage)
             ... on level 3 of the Dungeon.
             The game lasted 00:17:53 (602 turns).

ImaginaryIma the Grave Robber (DsNe)                 Turns: 602, Time: 00:17:54

Health: -1/24      AC:  4    Str:  8    XL:     3   Next: 7%
Magic:  2/6        EV: 11    Int: 17    God:
Gold:   52         SH:  0    Dex: 13    Spells: 2 memorised, 4 levels left

rFire  . . .     SeeInvis .     m - +2 hunting sling (flame)
rCold  . . .     Gourm    .     d - +0 leather armour
rNeg   . . .     Faith    .     (no shield)
rPois  .         Spirit   .     (helmet restricted)
rElec  .         Dismiss  .     (no cloak)
rCorr  .         Reflect  .     (no gloves)
SustAt .         Harm     .     (no boots)
MR     .....                    (no amulet)
Stlth  ++........               (no ring)
                                (no ring)

@: not resistant to hostile enchantments, unstealthy
A: horns 1, molten scales 1
a: no special abilities


You were on level 3 of the Dungeon.
You were completely stuffed.

You visited 1 branch of the dungeon, and saw 3 of its levels.

You collected 52 gold pieces.

Inventory:

Hand Weapons
 f - a +0 club {DeathMurderer}
 g - a +0 club
 i - a +0 spear
 l - a +0 club
 m - a +2 hunting sling of flaming (weapon)
Missiles
 c - 31 stones (quivered)
 e - 13 sling bullets
 h - 25 bolts
Armour
 a - a +0 robe
 d - a +0 leather armour (worn)
 j - a +0 robe
Books
 b - a book of Necromancy

   Spells                             Type                      Level
   a - Pain                           Necromancy                   1
   b - Animate Skeleton               Necromancy                   1
   c - Vampiric Draining              Necromancy                   3
   d - Regeneration                   Charms/Necromancy            3
   e - Animate Dead                   Necromancy                   4
   f - Control Undead                 Necromancy                   4


   Skills:
 + Level 1.7 Dodging
 + Level 2.1 Stealth
 + Level 2.2 Spellcasting
 * Level 5.2 Necromancy


You had 4 spell levels left.
You knew the following spells:

 Your Spells              Type           Power        Failure   Level  Hunger
a - Pain                  Necr           ###.         3%          1    #......
b - Animate Skeleton      Necr           N/A          3%          1    #......


Dungeon Overview and Level Annotations

Branches:
Dungeon (3/15)

Altars:


Innate Abilities, Weirdness & Mutations

You have a pair of small horns on your head.
You are partially covered in molten scales (AC +1).


Message History

Beogh smites you!
Casting: Pain
Confirm with . or Enter, or press ? or * to list all spells.
Aiming: Pain
Press: ? - help, Shift-Dir - straight line, f/p - orc priest
Aim: an orc priest, wielding a club (moderately wounded, chance to defeat MR: 78%)
The orc priest convulses in agony!
The orc priest closely misses you.
Casting: Pain
Confirm with . or Enter, or press ? or * to list all spells.
You don't have enough magic to cast that spell.
Unknown command.
The orc wizard casts a spell.
The orc wizard seems to speed up.
The orc priest casts a cantrip, but nothing happens.
The orc priest casts a cantrip, but nothing happens.
The orc wizard gestures at you while chanting.
The magic dart hits you!
* * * LOW HITPOINT WARNING * * *
The rat bites you.
You die...

... ..# #.## ...##
##... ###o. ...
r... #r# ##o.
#.###@###.# .#.#
#.........# ..##
#####o##### ##o.#
#.# #...# #.#
....# #o#
.##)############.#
###.......o.oo.o.#
# ################


You could see an orc priest, an orc wizard, an orc and a rat.

Vanquished Creatures
  An adder (D:3)
  An ooze (D:1)
  A dart slug (D:1)
  An orc (D:3)
  A goblin (D:3)
  3 hobgoblins
  A ball python (D:2)
  2 giant newts
  2 kobolds (D:1)
  4 rats
17 creatures vanquished.

Notes
Turn   | Place    | Note
--------------------------------------------------------------
     0 | D:1      | ImaginaryIma the Demonspawn Necromancer began the quest for the Orb.
     0 | D:1      | Reached XP level 1. HP: 13/13 MP: 3/3
     7 | D:1      | Learned a level 1 spell: Animate Skeleton
   195 | D:1      | Gained mutation: You are partially covered in molten scales (AC +1). [demonic ancestry]
   195 | D:1      | Reached XP level 2. HP: 11/19 MP: 1/5
   446 | D:3      | Reached skill level 5 in Necromancy
   533 | D:3      | Gained mutation: You have a pair of small horns on your head. [demonic ancestry]
   533 | D:3      | Reached XP level 3. HP: 24/24 MP: 4/6
   602 | D:3      | Slain by a rat

Vault maps used:
D:1:      co_arrival_random_square_maze, minmay_statues_item
D:2:      nicolae_ru_great_annihilating_truth, overflow_temple_1_default,
          kiku_gazebo_pond_becter, uniq_iyjb

Skill      XL: |  1  2 |
---------------+-------+-----
Stealth        | 2 |  2.1
Necromancy     | 5 |  5.2
Dodging        | |  1.7
Spellcasting   | |  2.2

Action                   || total
-------------------------++-------
Melee: Club              ||     6
       Unarmed           ||     3
       Hunting sling     ||     4
Throw: Stone             ||     2
 Cast: Pain              ||    30
  Use: Scroll            ||     2
       Potion            ||     3
  Eat: Bread ration      ||     1
       Meat ration       ||     1
